 Dungeon Crawl Stone Soup version 0.28.0-53-g5a82cb258f (webtiles) character file.

Game seed: 14025286099448786956

555 Zeld the Conjurer (level 7, 0/50 HPs)
             Began as a Grey Draconian Conjurer on May 26, 2022.
             Shot with an arrow by a centaur (2 damage)
             ... on level 5 of the Dungeon.
             The game lasted 00:07:53 (6092 turns).

Zeld the Conjurer (Grey Draconian Conjurer)         Turns: 6092, Time: 00:07:53

Health: 0/50       AC: 11    Str:  9    XL:     7   Next: 8%
Magic:  1/13       EV: 12    Int: 20    God:
Gold:   174        SH:  0    Dex: 10    Spells: 4/15 levels left

rFire   . . .      SeeInvis .   a - staff of conjuration
rCold   . . .      Faith    .   (no shield)
rNeg    . . .      Spirit   .   (armour unavailable)
rPois   .          Reflect  .   (helmet restricted)
rElec   .          Harm     .   (no cloak)
rCorr   +          Rampage  .   (no gloves)
Will    .....                   (no boots)
Stlth   ++........              (no amulet)
HPRegen 0.16/turn               g - ring of resist corrosion
MPRegen 0.13/turn               (no ring)

@: slowed, very slow
A: AC +11, amphibious, unfitting armour, cold-blooded
a: no special abilities


You were on level 5 of the Dungeon.
You visited 1 branch of the dungeon, and saw 5 of its levels.

You collected 174 gold pieces.

Inventory:

Magical Staves
 a - a staff of conjuration (weapon)
Jewellery
 g - a ring of resist corrosion (left hand)
Wands
 j - a wand of polymorph (9)
Scrolls
 d - 2 scrolls of identify {unknown}
 e - 3 scrolls of magic mapping {unknown}
 h - 4 scrolls of teleportation {unknown}
 i - a scroll of fog {unknown}
 l - a scroll of vulnerability {unknown}
 m - a scroll of immolation {unknown}
Potions
 b - a potion of ambrosia {unknown}
 c - 3 potions of attraction {unknown}
 f - a potion of curing {unknown}
 k - a potion of degeneration {unknown}
 n - a potion of might {unknown}


   Skills:
 - Level 2.0 Dodging
 - Level 2.1 Stealth
 + Level 4.6 Spellcasting
 + Level 6.1 Conjurations
 - Level 2.0 Hexes
 - Level 2.0 Translocations


You had 4 spell levels left.
You knew the following spells:

 Your Spells              Type           Power      Damage    Failure   Level
a - Magic Dart            Conj           100%       1d8       1%          1
b - Searing Ray           Conj           86%        2d7       1%          2
c - Fulminant Prism       Conj/Hex       15%        3d11      22%         4
d - Iskenderun's Mystic   Conj/Tloc      31%        2d8       22%         4

Your spell library contained the following spells:

 Spells                   Type           Power      Damage    Failure   Level
 Dazzling Flash           Conj/Hex       62%        N/A       7%          3
 Mephitic Cloud           Conj/Pois/Air  19%        N/A       16%         3
 Ignite Poison            Fire/Tmut/Pois 4%         N/A       36%         3
 Freezing Cloud           Conj/Ice/Air   9%         6-21      82%         5


Dungeon Overview and Level Annotations

Branches:
Dungeon (5/15)
 Temple: D:4-7

Altars:


Innate Abilities, Weirdness & Mutations

Your dull iron-grey scales are very hard. (AC +11)
You are amphibious.
You cannot fit into any form of body armour.
You are cold-blooded and may be slowed by cold attacks.


Message History

Casting: Searing Ray (safe; 1% risk of failure)
Confirm with . or Enter, or press ? or * to list all spells.
You don't have enough magic to cast this spell.
The centaur shoots an arrow.
The arrow misses you.
The centaur shoots an arrow.
The arrow misses you.
Unknown command.
The centaur shoots an arrow.
The arrow hits you! The arrow freezes you.
The centaur shoots an arrow.
The arrow barely misses you.
The centaur shoots an arrow.
The arrow hits you.
You feel yourself slow down. The arrow freezes you.
Casting: Searing Ray (safe; 1% risk of failure)
Confirm with . or Enter, or press ? or * to list all spells.
You don't have enough magic to cast this spell.
Unknown command.
Casting: Searing Ray (safe; 1% risk of failure)
Confirm with . or Enter, or press ? or * to list all spells.
You don't have enough magic to cast this spell.
Casting: Searing Ray (safe; 1% risk of failure)
Confirm with . or Enter, or press ? or * to list all spells.
Aiming: Magic Dart (safe; 1% risk of failure)
Press: ? - help, Shift-Dir - straight line, f - centaur
Aim: a centaur, wielding a +0 shortbow of freezing and quivering arrows (100% to hit)
You feel a surge of power!
The magic dart hits the centaur but does no damage.
The centaur shoots an arrow.
The arrow completely misses you.
The centaur shoots an arrow.
The arrow misses you.
You feel yourself speed up.
The centaur shoots an arrow.
The arrow closely misses you.
The centaur shoots an arrow.
The arrow misses you.
The centaur shoots an arrow.
The arrow hits you!
* * * LOW HITPOINT WARNING * * *
You feel yourself slow down. The arrow freezes you.
* * * LOW HITPOINT WARNING * * *
The centaur shoots an arrow.
The arrow hits you.
* * * LOW HITPOINT WARNING * * *
The arrow freezes you.
* * * LOW HITPOINT WARNING * * *
There is a stone staircase leading up, spattered with blood here.
The centaur shoots an arrow.
The arrow hits you.
You die...

...... ##.....# #..#
##......## #..###
##........#
####....###.........##
###........c##.........#
#........#.............#
.........###^.....)....#
..........####.........#
.......o..# ###@).....#
...........# #.).....#
...........# ##......#
............ #....###
............# ##.###
............# #..
...........# ##.. ..#
.##


You could see a centaur.

Vanquished Creatures
  A sky beast (D:3)
  A necrophage (D:3)
  2 hounds (D:4)
  An orc priest (D:3)
  Ijyb (D:4)
  2 orc wizards (D:5)
  A hound skeleton (D:4)
  4 gnolls (D:2)
  7 adders
  2 ufetubi (D:4)
  An adder skeleton (D:4)
  2 worms
  2 dart slugs
  15 orcs
  5 endoplasms
  3 giant cockroaches
  10 goblins
  5 hobgoblins
  7 jackals
  5 quokkas
  7 ball pythons
  6 bats
  3 frilled lizards
  2 kobolds
  5 rats
100 creatures vanquished.

Notes
Turn   | Place    | Note
-------+----------+-------------------------------------------
     0 | D:1      | Zeld the Draconian Conjurer began the quest for the Orb.
     0 | D:1      | Reached XP level 1. HP: 14/14 MP: 3/3
   186 | D:1      | Reached XP level 2. HP: 7/20 MP: 0/5
   550 | D:1      | Learned a level 2 spell: Searing Ray
  1361 | D:1      | Reached XP level 3. HP: 26/26 MP: 3/6
  1602 | D:2      | Reached skill level 1 in Translocations
  1799 | D:2      | Reached skill level 1 in Hexes
  2029 | D:2      | Reached XP level 4. HP: 25/33 MP: 3/7
  2067 | D:2      | Learned a level 4 spell: Iskenderun's Mystic Blast
  3012 | D:3      | Reached XP level 5. HP: 38/38 MP: 1/9
  3092 | D:3      | Noticed a necrophage
  3099 | D:3      | Killed a necrophage
  3100 | D:3      | Reached skill level 5 in Conjurations
  3458 | D:3      | Reached XP level 6. HP: 44/45 MP: 6/11
  3570 | D:3      | Learned a level 4 spell: Fulminant Prism
  4358 | D:4      | Noticed Ijyb
  4409 | D:4      | Killed Ijyb
  5410 | D:5      | Entered Level 5 of the Dungeon
  5433 | D:5      | Noticed a sky beast
  5493 | D:4      | HP: 2/45 [sky beast (6)]
  5598 | D:3      | Killed a sky beast
  5874 | D:4      | Reached skill level 6 in Conjurations
  6074 | D:5      | Your scales start taking on a dull iron-grey colour.
  6074 | D:5      | Reached XP level 7. HP: 50/50 MP: 7/13
  6091 | D:5      | HP: 2/50 [centaur/arrow (1)]
  6092 | D:5      | Shot with an arrow by a centaur

Illustrated notes

Levels and vault maps discovered:
D:1:      amcnicky_arrival_double_pillar, layout_basic
D:2:      layout_loops_cross
D:3:      layout_loops_corners
D:4:      layout_gridville, uniq_ijyb
D:5:      layout_cave_pods, minmay_temple_entry_glass

Skill      XL: |  1  2  3  4  5  6 |
---------------+-------------------+-----
Dodging        | 2 |  2.0
Stealth        | 2 |  2.1
Translocations | 1 2 |  2.0
Hexes          | 1 2 |  2.0
Spellcasting   | 3 4 |  4.6
Conjurations   | 5 6 |  6.1

Action                   |  1- 3 |  4- 6 |  7- 9 || total
-------------------------+-------+-------+-------++-------
Melee: Unarmed           |    11 |       |       ||    11
       Tailslap          |     2 |     1 |       ||     3
       Punch             |     1 |       |       ||     1
       Staff             |     4 |    21 |       ||    25
 Cast: Magic Dart        |    65 |    22 |     1 ||    88
       Searing Ray       |     1 |    49 |     2 ||    52
       Iskenderun's Myst |       |     3 |       ||     3
 Stab: Sleeping          |     1 |       |       ||     1
Armor: Skin              |    29 |    41 |     3 ||    73
Dodge: Dodged            |    57 |    66 |    12 ||   135
